Map: Orbital Shipyard

Players

Miszu - Winner!

  • Race: Terran Terran
  • League: Grandmaster

LiquidTLO (TLO)

  • Race: Zerg Zerg
  • League: Grandmaster

VOD

Have the link to the VOD?

Description

Time

  • Played on: Feb. 19, 2016, 11:37 a.m.
  • Length: 15:19
Show
View Real Time Build Order
Export as new Build Order

Miszu Terran - Winner!

Build Orders: MMM Bio 

Get SALT Encoding   

  12  0:01  SCV  
  13  0:13  SCV  
  14  0:17  Supply Depot  
  14  0:25  SCV  
  15  0:39  SCV  
  15  0:42  Barracks  
  16  0:45  Refinery  
  16  0:51  SCV  
  17  1:03  SCV  
  18  1:15  SCV  
  19  1:30  Orbital Command  
  19  1:32  Barracks Reactor  
  19  1:40  Command Center  
  19  1:48  Supply Depot  
  19  1:56  SCV  
  20  2:08  SCV  
  20  2:13  Reaper x2  
  23  2:22  SCV  
  24  2:26  Command Center  
  24  2:34  SCV  
  25  2:45  Reaper x2  
  25  2:46  SCV  
  25  2:48  Refinery  
  28  2:52  Orbital Command  
  28  2:58  SCV  
  29  3:11  SCV  
  30  3:17  Reaper x2  
  30  3:18  SCV  
  33  3:23  SCV  
  34  3:30  SCV  
  35  3:35  SCV  
  35  3:38  Orbital Command  
  35  3:39  Barracks  
  35  3:40  Barracks  
  36  3:42  SCV  
  36  3:47  SCV  
  38  3:54  SCV  
  39  3:59  SCV  
  40  4:06  SCV  
  40  4:09  Marine x2  
  44  4:10  SCV  
  44  4:11  SCV  
  44  4:13  Refinery x2  
  44  4:16  Factory  
  45  4:19  SCV  
  45  4:22  SCV  
  45  4:23  SCV  
  45  4:24  Engineering Bay x2  
  48  4:31  SCV  
  47  4:34  SCV  
  47  4:35  SCV  
  47  4:36  Marine x2  
  47  4:37  Barracks Tech Lab x2  
  50  4:43  SCV  
  50  4:51  Barracks  
  50  4:52  Barracks, Orbital Command  
  51  4:54  Marine x2  
  51  4:55  Marine, SCV  
  51  4:56  Marine, Combat Shields  
  51  4:57  Stimpack  
  55  5:03  Starport  
  55  5:04  Factory Reactor  
  55  5:06  SCV  
  57  5:07  SCV  
  57  5:08  Terran Infantry Weapons Level 1  
  57  5:09  Terran Infantry Armor Level 1  
  57  5:12  Marine x2  
  57  5:13  Marine  
  57  5:14  Marine  
  61  5:22  Supply Depot, SCV x2  
  61  5:23  Supply Depot  
  61  5:24  Supply Depot  
  61  5:27  SCV  
  64  5:29  Marine  
  64  5:30  Marine  
  64  5:31  Marine  
  64  5:33  Marine  
  64  5:34  SCV  
  69  5:37  Armory  
  69  5:39  Barracks Reactor  
  69  5:40  Barracks Reactor  
  69  5:43  SCV x2  
  69  5:46  SCV  
  69  5:47  Marine x2  
  69  5:49  Marine, Factory Tech Lab  
  75  5:50  Marine  
  75  5:52  Supply Depot  
  75  5:55  Medivac x2, SCV  
  81  5:57  SCV  
  81  6:03  Supply Depot  
  81  6:04  Supply Depot  
  82  6:05  Marine, SCV  
  82  6:07  Marine  
  82  6:08  Marine, SCV  
  82  6:09  SCV  
  88  6:16  Marine x2  
  88  6:17  SCV  
  94  6:20  Marine x2  
  94  6:22  Marine  
  94  6:23  Marine  
  94  6:24  Concussive Shells  
  94  6:25  Marine  
  96  6:26  Supply Depot x2  
  96  6:29  Supply Depot  
  96  6:30  SCV  
  96  6:31  SCV  
  96  6:32  SCV  
  99  6:33  Factory Reactor  
  99  6:34  Marine x2  
  99  6:37  Marine  
  99  6:38  Marine x2  
  104  6:40  Marine  
  104  6:42  Medivac  
  104  6:43  Medivac, SCV  
  110  6:47  Marine  
  111  6:58  Marine x5  
  111  7:00  Marauder  
  120  7:01  Marauder  
  120  7:05  Marine  
  121  7:14  Medivac, Widow Mine x2  
  62  7:15  Medivac  
  127  7:16  Marine x3  
  127  7:21  Marine x2  
  138  7:26  Missile Turret  
  138  7:28  Supply Depot x2  
  138  7:29  Supply Depot  
  138  7:30  Terran Infantry Armor Level 2, Command Center, Terran Infantry Weapons Level 2  
  134  7:37  Marine x5  
  134  7:44  Medivac  
  141  7:49  Marine x2, Medivac, Widow Mine x2  
  141  7:50  Marauder  
  151  7:56  Marauder  
  153  8:06  Marine  
  153  8:07  Marine  
  153  8:08  Marine x3  
  153  8:11  Marauder  
  153  8:14  Marine  
  153  8:17  Medivac, Marauder, Widow Mine  
  153  8:19  Medivac  
  159  8:24  Marine  
  159  8:25  Marine  
  159  8:26  Marine x3  
  154  8:32  Marine  
  154  8:33  Marauder  
  153  8:39  Marauder  
  144  8:41  Marine  
  144  8:43  Marine x3  
  144  8:44  Marine  
  126  8:50  Marine  
  126  8:54  Marauder  
  120  8:59  Marine, Widow Mine x2  
  120  9:00  Medivac x2, Marauder  
  120  9:01  Marine x3  
  120  9:02  Marine  
  123  9:07  Marine  
  124  9:15  Marine  
  125  9:17  Marine  
  125  9:18  Marine  
  125  9:19  Marine x2  
  125  9:20  Marine  
  125  9:21  Marine  
  126  9:25  Marine  
  126  9:27  Widow Mine x2  
  126  9:28  Missile Turret  
  126  9:30  Medivac  
  126  9:33  Marauder  
  126  9:35  Marine  
  126  9:36  Marine, Barracks  
  126  9:37  Marine x2  
  126  9:38  Refinery, Barracks  
  124  9:39  Marauder, Refinery, Barracks, Marine  
  124  9:43  Marine  
  130  9:53  Marine  
  130  9:55  Missile Turret  
  130  9:56  Widow Mine x2, Missile Turret  
  130  9:57  Terran Infantry Weapons Level 3  
  135  10:00  Terran Infantry Armor Level 3  
  135  10:05  Planetary Fortress  
  133  10:08  Marine x4  
  133  10:09  Marine x3  
  133  10:10  Marine  
  141  10:14  Medivac  
  143  10:24  Marine x2, Widow Mine x2  
  143  10:26  Marine x6  
  143  10:27  Marauder  
  157  10:29  Factory, Marine  
  157  10:32  SCV  
  157  10:35  Marine  
  151  10:41  Marine  
  151  10:42  Marine  
  140  10:43  Marine  
  140  10:44  Marine x3  
  140  10:45  Marauder  
  140  10:47  Marine  
  140  10:48  Marauder  
  138  10:52  Marine  
  138  10:53  Widow Mine  
  121  10:59  Marine  
  121  11:00  Marine  
  121  11:02  Marine x2  
  121  11:04  Marine  
  121  11:06  Marauder  
  121  11:09  Marine  
  121  11:10  Marine  
  106  11:17  Marine  
  106  11:18  Marine  
  106  11:20  Marine x2  
  106  11:21  Widow Mine  
  106  11:23  Marine x2  
  109  11:28  Marine, Marauder x2  
  106  11:35  Marine x2  
  106  11:37  Marine  
  106  11:38  Marine  
  100  11:41  Marine x2  
  100  11:45  Factory Tech Lab  
  100  11:46  Marine  
  103  11:47  Medivac  
  103  11:48  Marine  
  103  11:49  Marauder  
  103  11:50  Widow Mine  
  103  11:51  Medivac  
  103  11:53  Marine x2  
  114  11:55  Marine x2  
  114  11:58  Marine  
  114  11:59  Marine, SCV x2  
  114  12:01  SCV  
  121  12:02  SCV  
  121  12:04  Marine  
  121  12:07  Marauder  
  121  12:08  Widow Mine  
  125  12:10  Marauder  
  125  12:11  Marine x2, SCV  
  125  12:13  Marine x2  
  134  12:16  Marine  
  134  12:17  Marine  
  134  12:18  Widow Mine  
  134  12:22  Marine  
  137  12:28  Marine, Marauder  
  137  12:29  Marine  
  131  12:31  Marine x2  
  131  12:32  Marauder  
  131  12:34  Marine  
  131  12:35  Marine  
  131  12:36  Widow Mine  
  120  12:39  Marine  
  120  12:46  Marine  
  120  12:47  Marine  
  120  12:49  Marine x2, Marauder  
  124  12:52  Marine x2  
  124  12:53  Marauder  
  124  12:57  Marine  
  129  13:01  Widow Mine  
  129  13:04  Marine x2  
  129  13:05  Widow Mine  
  133  13:06  Marine  
  133  13:07  Marine  
  133  13:10  Marine x2  
  133  13:11  Marauder  
  141  13:14  Marine  
  141  13:15  Marine  
  143  13:22  Marine x2  
  143  13:24  Marine x2  
  140  13:27  Marine  
  140  13:28  Marine  
  140  13:32  Marine x2  
  140  13:33  Marine  
  132  13:40  Marine x2  
  126  13:42  Marine x2  
  126  13:45  Marine  
  126  13:46  Marine  
  124  13:50  Marauder x2  
  124  13:51  Marine  
  124  13:57  Marine  
  124  13:58  Marine  
  124  14:00  Marine x2  
  119  14:03  Marine  
  119  14:04  Marine  
  119  14:08  Marine  
  122  14:11  Medivac, Marauder x2  
  122  14:15  Marine  
  122  14:16  Marine  
  128  14:18  Marine x2  
  128  14:21  Marine x2  
  127  14:26  Marine  
  128  14:32  Marine x2  
  128  14:33  Marine  
  128  14:34  Marine  
  128  14:36  Marine  
  133  14:38  Marine  
  130  14:49  Marine  
  130  14:50  Marine  
  130  14:51  Marauder x2  
  128  14:55  Marine x2  
  125  15:00  Marine  
Show
View Real Time Build Order
Export as new Build Order

LiquidTLO Zerg 

Build Orders: Hatch First, Muta Ling Bane 

Get SALT Encoding   

  12  0:00  Drone  
  13  0:13  Overlord  
  13  0:17  Drone  
  14  0:32  Drone x2  
  16  0:37  Drone  
  17  0:52  Hatchery  
  17  0:55  Drone  
  17  1:00  Drone  
  18  1:05  Extractor  
  17  1:14  Spawning Pool  
  17  1:17  Drone  
  17  1:20  Drone  
  18  1:28  Drone  
  19  1:42  Overlord  
  19  2:01  Queen  
  19  2:02  Zergling x2  
  19  2:03  Zergling x2  
  19  2:06  Metabolic Boost, Queen  
  25  2:10  Drone  
  25  2:15  Drone x2  
  28  2:35  Hatchery  
  27  2:37  Drone  
  27  2:40  Drone  
  29  2:48  Drone  
  29  2:49  Drone  
  31  2:54  Overlord  
  31  2:58  Drone  
  32  2:59  Drone  
  33  3:06  Zergling x2  
  33  3:07  Zergling x2  
  33  3:12  Queen  
  37  3:15  Drone  
  37  3:17  Zergling x2  
  37  3:18  Zergling x2  
  37  3:19  Drone  
  41  3:23  Drone  
  41  3:26  Overlord  
  42  3:36  Drone  
  42  3:38  Overlord  
  43  3:42  Drone  
  43  3:46  Drone x3  
  43  3:47  Drone  
  48  3:52  Drone  
  48  3:53  Drone x3  
  52  4:00  Zergling x4  
  53  4:09  Zergling x6  
  55  4:10  Evolution Chamber x2  
  55  4:12  Spine Crawler  
  55  4:16  Queen  
  54  4:19  Zergling x2  
  54  4:22  Drone  
  54  4:23  Drone x2  
  54  4:24  Drone  
  59  4:26  Drone  
  59  4:27  Drone  
  60  4:31  Drone  
  60  4:33  Drone  
  60  4:37  Zerg Melee Weapons Level 1, Zerg Ground Armor Level 1  
  62  4:40  Drone x2  
  62  4:41  Drone  
  65  4:46  Lair  
  65  4:51  Baneling Nest, Drone  
  65  4:57  Overlord  
  65  5:02  Extractor  
  65  5:03  Extractor  
  65  5:05  Overlord  
  65  5:06  Overlord  
  65  5:07  Overlord  
  63  5:08  Drone  
  63  5:11  Overlord  
  63  5:13  Drone  
  65  5:15  Overlord, Extractor  
  65  5:16  Drone x2  
  65  5:17  Drone  
  65  5:19  Drone  
  65  5:20  Drone  
  69  5:26  Drone  
  69  5:27  Drone  
  71  5:30  Zergling x2  
  71  5:33  Zergling x2  
  71  5:34  Zergling x2  
  74  5:35  Zergling x2  
  74  5:36  Zergling x2, Baneling  
  74  5:37  Baneling x4  
  74  5:38  Drone  
  74  5:39  Drone  
  74  5:40  Drone  
  74  5:41  Drone  
  74  5:42  Drone x3  
  83  5:44  Extractor  
  83  5:45  Drone  
  83  5:50  Drone  
  83  5:53  Spire  
  83  5:57  Drone  
  83  5:59  Drone x2  
  83  6:02  Hatchery  
  85  6:04  Drone x2  
  85  6:07  Zergling x2  
  85  6:09  Drone x3  
  91  6:12  Centrifical Hooks  
  91  6:13  Baneling x2  
  91  6:14  Baneling  
  91  6:16  Zergling x2  
  92  6:20  Drone  
  93  6:27  Zergling x2  
  93  6:28  Zergling x2  
  93  6:29  Extractor  
  93  6:31  Zergling x6  
  97  6:34  Zerg Ground Armor Level 2  
  97  6:35  Queen  
  97  6:38  Overlord  
  97  6:39  Zergling x4  
  100  6:40  Baneling  
  100  6:41  Zergling x2, Baneling x3  
  100  6:43  Zergling x2  
  100  6:45  Overlord x2  
  102  6:47  Zergling x2  
  102  6:49  Baneling x4  
  104  6:54  Zergling x2  
  104  6:55  Zergling x2  
  104  6:58  Overlord  
  105  7:02  Overlord  
  105  7:06  Zerg Melee Weapons Level 2  
  105  7:10  Overlord, Drone x2  
  105  7:12  Zergling x6  
  105  7:15  Zergling x2  
  110  7:17  Mutalisk x2  
  110  7:22  Mutalisk  
  115  7:24  Drone  
  115  7:28  Mutalisk  
  115  7:29  Extractor  
  117  7:34  Queen  
  119  7:37  Overlord  
  119  7:38  Overlord  
  119  7:40  Zerg Flyer Weapons Level 1  
  119  7:41  Zergling x6  
  119  7:42  Zergling x10  
  126  7:46  Mutalisk  
  126  7:48  Baneling  
  127  7:51  Zergling x8  
  127  7:52  Zergling x6  
  127  7:55  Zergling x6  
  137  8:00  Zergling x4  
  137  8:03  Mutalisk x2  
  140  8:08  Mutalisk, Spine Crawler  
  136  8:14  Zergling x4  
  136  8:15  Baneling x2  
  136  8:16  Baneling x3  
  136  8:19  Zergling x12  
  143  8:21  Zergling x2  
  143  8:24  Zergling x6  
  143  8:26  Zergling x2  
  140  8:27  Baneling  
  140  8:28  Zergling x2, Baneling x5  
  140  8:29  Queen  
  140  8:30  Zergling x2  
  140  8:31  Zergling x2  
  145  8:34  Zergling x2  
  145  8:35  Zergling x2  
  145  8:39  Zergling x2  
  137  8:41  Zergling x2  
  137  8:42  Zergling x2  
  137  8:44  Zergling x2  
  137  8:45  Zergling x2  
  137  8:47  Drone  
  132  8:49  Drone  
  132  8:51  Zergling x2  
  132  8:52  Zergling x2  
  132  8:53  Extractor  
  114  8:56  Mutalisk  
  114  8:57  Mutalisk  
  114  8:59  Mutalisk x2  
  114  9:00  Mutalisk  
  114  9:01  Zergling x2  
  120  9:04  Overseer  
  120  9:05  Drone  
  120  9:07  Drone  
  120  9:08  Drone x2  
  124  9:11  Baneling x6  
  124  9:12  Zergling x4  
  124  9:13  Spore Crawler  
  124  9:14  Zergling x4  
  124  9:15  Zergling x4  
  128  9:17  Zergling x2  
  128  9:19  Zergling x2  
  128  9:23  Zergling x4  
  129  9:24  Zergling x2  
  129  9:29  Mutalisk  
  117  9:33  Mutalisk  
  117  9:34  Zergling x4  
  117  9:35  Zergling x2  
  117  9:36  Zerg Flyer Weapons Level 2  
  122  9:41  Infestation Pit, Spine Crawler  
  122  9:42  Mutalisk  
  122  9:45  Zergling x2  
  123  9:48  Zergling x12  
  129  9:53  Drone  
  129  9:54  Spine Crawler  
  129  9:58  Zergling x2  
  129  9:59  Zergling x2  
  131  10:06  Baneling x10  
  131  10:07  Zergling x2  
  131  10:10  Baneling  
  131  10:11  Baneling x4, Drone  
  131  10:14  Drone x3  
  134  10:20  Overseer  
  136  10:21  Hatchery  
  136  10:27  Baneling x2  
  136  10:28  Baneling x11  
  135  10:30  Zergling x2  
  135  10:31  Zergling x2  
  135  10:33  Zergling x2  
  135  10:34  Zergling x2  
  135  10:35  Zergling x4  
  138  10:37  Zergling x2  
  138  10:38  Zergling x2  
  138  10:39  Zergling x2  
  138  10:42  Zergling x14  
  136  10:44  Zergling x2  
  136  10:47  Zergling x4  
  136  10:48  Zergling x4  
  136  10:49  Zergling x2  
  140  10:50  Zergling x2  
  140  10:52  Zergling x4  
  140  10:56  Zergling x2  
  137  11:01  Zergling x4  
  137  11:03  Zergling x4  
  139  11:05  Zergling x4  
  139  11:06  Zergling x4  
  139  11:07  Zergling x2  
  139  11:08  Zergling x2  
  139  11:09  Zergling x2, Queen  
  124  11:13  Baneling x3  
  124  11:14  Baneling x7  
  124  11:15  Mutalisk  
  124  11:18  Mutalisk  
  122  11:21  Mutalisk  
  122  11:22  Mutalisk  
  124  11:28  Mutalisk  
  124  11:29  Mutalisk  
  124  11:31  Mutalisk  
  120  11:35  Mutalisk  
  120  11:37  Mutalisk  
  119  11:40  Mutalisk  
  121  11:51  Hive  
  121  11:56  Drone x3  
  121  11:57  Zergling x2  
  121  11:58  Zergling x10  
  130  12:06  Zergling x10  
  135  12:08  Baneling x3  
  135  12:09  Baneling x3  
  133  12:23  Zergling x2  
  133  12:30  Baneling x2  
  133  12:31  Baneling x12  
  133  12:33  Zergling x2  
  133  12:34  Zergling x4  
  130  12:38  Zergling x2  
  130  12:39  Mutalisk  
  131  12:47  Mutalisk x2  
  131  12:48  Drone  
  131  12:49  Overlord x2  
  131  12:50  Extractor, Zergling x4  
  136  13:01  Overlord x2  
  136  13:02  Overlord x2  
  136  13:10  Extractor  
  136  13:11  Zergling x4  
  136  13:12  Zergling x6, Hatchery  
  139  13:14  Baneling x4  
  139  13:15  Baneling x4  
  139  13:17  Overseer  
  137  13:22  Zergling x6  
  137  13:25  Zergling x2  
  137  13:30  Zergling x4  
  137  13:31  Zergling x2  
  137  13:32  Zergling x2  
  122  13:50  Hatchery  
  116  14:11  Zergling x18  
  125  14:24  Zergling x4  
  125  14:26  Zergling x2  
  125  14:27  Zergling x4  
  125  14:29  Zergling x4  
  125  14:30  Zergling x4  
  133  14:31  Zergling x2  
  133  14:32  Zergling x2  
  133  14:37  Zergling x2  
  133  14:38  Zergling x2  
  123  14:47  Zergling x2  
  123  14:48  Zergling x2  
  123  14:52  Zergling x4  
Tags
 
Add a new tag
Caveats
  • Supply blocks, unpowered buildings, or Contaminate may cause inaccurate times.
  • Supply counts are checked every 10 seconds.